Map: [ESL] Royal Blood

Players

ByuN - Winner!

  • Race: Terran Terran
  • Spawn Location: 1:00

DKZDark (Dark)

  • Race: Zerg Zerg
  • League: Master
  • Spawn Location: 7:00

VOD

Have the link to the VOD?

Description

Time

  • Played on: March 17, 2023, 12:33 a.m.
  • Length: 14:17
Show
View Real Time Build Order
Export as new Build Order

ByuN Terran - Winner!

Build Orders:  

Get SALT Encoding   

  12  0:00  SCV  
  13  0:12  SCV  
  14  0:17  Supply Depot  
  14  0:24  SCV  
  15  0:39  SCV  
  15  0:40  Barracks  
  16  0:43  Refinery  
  16  0:51  SCV  
  17  1:01  Barracks  
  17  1:03  SCV  
  18  1:15  SCV  
  19  1:20  Barracks  
  19  1:28  Reaper  
  20  1:36  Orbital Command  
  20  1:42  Refinery  
  20  1:47  Reaper  
  20  1:54  Supply Depot  
  21  2:03  SCV  
  21  2:04  Reaper  
  23  2:15  SCV, Reaper  
  25  2:22  Supply Depot  
  25  2:23  Reaper  
  25  2:28  SCV  
  27  2:36  Reaper  
  28  2:40  SCV  
  28  2:50  Reaper  
  29  2:52  SCV  
  29  2:57  Command Center  
  30  2:59  Reaper  
  30  3:04  SCV  
  32  3:08  Reaper  
  33  3:17  SCV  
  33  3:18  Supply Depot  
  34  3:26  Factory  
  34  3:29  SCV  
  34  3:32  Barracks Tech Lab  
  34  3:34  Barracks Reactor  
  35  3:41  SCV  
  36  3:43  Barracks Reactor  
  36  3:53  SCV  
  36  3:55  Marine  
  38  4:01  Refinery  
  38  4:03  Stimpack  
  38  4:05  SCV  
  38  4:09  Orbital Command  
  39  4:14  Factory Reactor  
  39  4:16  Marine  
  39  4:17  SCV, Marine x2  
  40  4:20  Marine x2  
  45  4:29  SCV  
  46  4:34  Engineering Bay  
  46  4:35  SCV  
  46  4:36  Marine x3  
  46  4:38  Marine  
  51  4:39  Marine  
  51  4:41  SCV  
  53  4:47  SCV  
  53  4:48  Supply Depot  
  53  4:51  Hellion  
  56  4:53  SCV, Hellion  
  56  4:57  Armory  
  59  5:00  SCV  
  59  5:04  Supply Depot  
  59  5:05  SCV  
  61  5:08  Marine  
  61  5:10  Marine x3  
  61  5:13  Marine  
  66  5:14  Hellion  
  66  5:18  Hellion  
  70  5:28  Supply Depot  
  70  5:30  Supply Depot  
  70  5:33  Marine x4  
  70  5:34  Marine  
  77  5:51  Marine x5  
  77  5:52  Combat Shield  
  82  6:01  Hellion x2  
  83  6:11  Marine x3  
  83  6:12  Marine x2  
  66  6:26  Hellion  
  66  6:29  Marine x3, Hellion  
  66  6:30  Marine  
  70  6:36  Marine  
  65  6:47  Marine x4  
  58  6:51  Hellion  
  63  6:54  Marine  
  63  6:58  SCV x2  
  65  7:04  Marine  
  64  7:08  Marine x2  
  64  7:10  SCV x2  
  64  7:13  Marine x2  
  55  7:22  SCV  
  55  7:23  SCV, Marine  
  55  7:26  Marine  
  49  7:35  SCV x2  
  47  7:45  Hellion x2  
  47  7:47  SCV  
  47  7:48  SCV  
  51  7:59  SCV  
  51  8:01  SCV  
  53  8:08  Hellion x2  
  53  8:11  SCV  
  58  8:13  SCV  
  58  8:17  Command Center  
  59  8:23  SCV  
  59  8:26  SCV, Starport  
  61  8:27  Starport  
  61  8:35  SCV  
  61  8:39  Starport, Hellion x2  
  61  8:40  Terran Vehicle And Ship Armor Level 1  
  64  8:53  SCV x2  
  66  9:00  Hellion x2  
  70  9:03  Starport Tech Lab x2  
  70  9:08  SCV x2  
  72  9:11  Refinery  
  72  9:16  Starport Tech Lab  
  72  9:17  Fusion Core  
  72  9:23  Hellion x2  
  76  9:24  Cloaking Field, Banshee x2  
  76  9:26  Hyperflight Rotors  
  76  9:31  SCV x2  
  84  9:43  SCV x2  
  84  9:44  Supply Depot  
  86  9:48  Banshee  
  86  9:50  Orbital Command  
  89  9:55  SCV x2  
  91  10:07  Supply Depot, Banshee x2  
  97  10:18  Supply Depot  
  97  10:19  Hellion x2  
  101  10:26  Supply Depot  
  101  10:30  Supply Depot  
  101  10:31  Banshee  
  104  10:40  SCV x3  
  104  10:41  Hellion  
  104  10:42  Refinery x2  
  109  10:46  Terran Vehicle And Ship Armor Level 2  
  109  10:48  Hellion  
  111  10:50  Banshee  
  111  10:52  Banshee  
  111  10:53  Supply Depot  
  117  11:02  Hellion  
  119  11:09  Hellion  
  121  11:12  SCV  
  121  11:13  SCV x2  
  127  11:19  Supply Depot  
  127  11:24  Battlecruiser, Hellion  
  132  11:33  Battlecruiser  
  132  11:37  Battlecruiser  
  144  11:57  Command Center  
  144  12:07  Hellion x2  
  135  12:12  SCV  
  118  12:15  SCV  
  115  12:24  SCV  
  115  12:29  Battlecruiser  
  111  12:42  Orbital Command  
  118  12:59  Battlecruiser  
  118  13:04  SCV x2  
  111  13:13  Battlecruiser  
  111  13:18  SCV  
  111  13:19  SCV x2  
  103  13:30  SCV  
  110  13:39  SCV x2  
  112  13:42  SCV  
Show
View Real Time Build Order
Export as new Build Order

DKZDark Zerg 

Build Orders: Hatch First 

Get SALT Encoding   

  12  0:00  Drone  
  13  0:12  Overlord  
  13  0:16  Drone  
  14  0:30  Drone x2  
  16  0:46  Hatchery  
  16  0:50  Drone  
  16  0:53  Drone  
  16  0:56  Drone  
  18  0:59  Extractor  
  17  1:13  Spawning Pool  
  17  1:15  Drone  
  18  1:18  Drone  
  18  1:28  Drone  
  19  1:39  Drone  
  20  1:50  Drone  
  21  1:59  Queen x2  
  21  2:00  Metabolic Boost, Zergling x2  
  26  2:03  Zergling x2  
  27  2:09  Zergling x2  
  27  2:11  Overlord  
  28  2:31  Drone x3  
  31  2:37  Queen  
  31  2:38  Queen  
  35  2:45  Overlord  
  35  2:46  Zergling x2  
  36  2:55  Overlord  
  36  3:04  Drone  
  36  3:05  Drone x3  
  40  3:11  Zergling x6  
  43  3:18  Zergling x4  
  44  3:26  Zergling x2  
  45  3:33  Zergling x2  
  46  3:35  Drone  
  46  3:40  Drone  
  46  3:41  Hatchery  
  47  3:45  Drone  
  48  3:52  Drone  
  48  3:53  Evolution Chamber  
  48  3:55  Drone x3  
  51  4:00  Drone  
  52  4:03  Overlord  
  52  4:07  Overlord  
  52  4:16  Hatchery, Overlord  
  51  4:20  Queen  
  51  4:22  Drone  
  51  4:23  Drone x2  
  56  4:24  Drone x2  
  56  4:26  Drone  
  56  4:28  Drone  
  60  4:33  Zerg Ground Armor Level 1  
  60  4:36  Drone x2  
  62  4:38  Drone  
  62  4:40  Drone  
  64  4:46  Queen  
  64  4:50  Overlord  
  66  4:53  Queen  
  66  4:55  Drone  
  66  4:56  Drone  
  69  5:02  Drone x2  
  71  5:07  Overlord  
  71  5:08  Zergling x6  
  71  5:10  Zergling x2  
  71  5:11  Zergling x4  
  77  5:15  Zergling x2  
  77  5:16  Zergling x2  
  78  5:22  Zergling x2  
  77  5:29  Zergling x6  
  77  5:33  Baneling Nest  
  79  5:36  Zergling x6  
  79  5:40  Drone x2  
  79  5:41  Zergling x10  
  89  5:42  Queen  
  89  5:48  Overlord  
  91  5:51  Zergling x6  
  94  6:00  Zergling x8  
  94  6:01  Overlord  
  94  6:03  Spine Crawler  
  87  6:13  Zergling x18  
  87  6:14  Zergling x4  
  87  6:18  Zergling x8  
  80  6:21  Queen  
  80  6:22  Queen x2  
  80  6:24  Zergling x2  
  80  6:25  Zergling x4  
  83  6:30  Zergling x6  
  77  6:38  Zergling x8  
  72  6:41  Zergling x4  
  72  6:46  Baneling x4  
  66  6:49  Zergling x2  
  66  6:53  Zergling x4  
  66  6:54  Zergling x2  
  66  6:55  Baneling x2  
  66  6:57  Baneling x4  
  66  6:58  Zergling x4  
  66  6:59  Zergling x2  
  66  7:03  Zergling x2  
  66  7:04  Zergling x4  
  66  7:06  Baneling x2  
  66  7:13  Zergling x2  
  66  7:14  Zergling x6  
  62  7:18  Zergling x4  
  62  7:22  Zergling x2  
  60  7:25  Zergling x2  
  60  7:29  Zergling x2  
  56  7:36  Zergling x4  
  55  7:38  Zergling x2  
  55  7:43  Zergling x2  
  55  7:46  Zergling x4  
  55  7:49  Zergling x4  
  59  7:52  Zergling x4  
  59  7:53  Zergling x2  
  59  7:55  Zergling x2  
  63  8:04  Zerg Melee Weapons Level 1  
  63  8:05  Baneling  
  63  8:06  Drone, Baneling x4  
  63  8:07  Drone x2  
  63  8:08  Drone  
  67  8:13  Queen  
  67  8:15  Drone x2  
  71  8:21  Baneling x2  
  71  8:22  Queen  
  71  8:23  Drone  
  71  8:24  Drone  
  71  8:25  Drone  
  71  8:26  Drone  
  77  8:32  Zergling x6  
  77  8:33  Zergling x4  
  82  8:37  Drone x3  
  82  8:39  Drone  
  84  8:48  Zergling x2  
  84  8:49  Zergling x4  
  84  8:50  Overlord  
  84  8:53  Overlord  
  87  8:56  Lair  
  87  8:58  Extractor, Overlord  
  87  9:00  Drone x2, Extractor x2  
  86  9:04  Overlord x2  
  86  9:05  Drone x2  
  86  9:08  Baneling  
  89  9:10  Drone x4  
  89  9:11  Drone  
  89  9:16  Zergling x6  
  95  9:18  Queen  
  95  9:23  Zergling x4  
  95  9:24  Zergling x6  
  102  9:29  Baneling x3  
  102  9:30  Spore Crawler  
  101  9:33  Zergling x8  
  101  9:34  Queen  
  101  9:37  Spore Crawler  
  106  9:39  Spore Crawler  
  106  9:40  Drone  
  106  9:41  Drone  
  107  9:48  Zergling x10  
  112  9:53  Baneling x2  
  112  9:54  Baneling, Centrifugal Hooks  
  112  9:55  Zergling x2  
  112  9:57  Drone x4  
  112  9:58  Drone  
  118  10:00  Drone  
  118  10:01  Drone  
  118  10:02  Overseer  
  118  10:06  Drone  
  121  10:07  Drone  
  121  10:08  Drone x2  
  121  10:09  Drone, Evolution Chamber  
  123  10:15  Zerg Melee Weapons Level 2  
  123  10:17  Drone x2  
  123  10:18  Drone x2  
  127  10:25  Zergling x2, Extractor  
  127  10:34  Hydralisk Den  
  127  10:35  Drone, Hatchery  
  127  10:37  Overlord  
  127  10:41  Zerg Ground Armor Level 2  
  125  10:51  Overlord x2  
  125  10:56  Drone x10  
  135  10:57  Hatchery  
  135  11:00  Zergling x2  
  135  11:06  Baneling  
  135  11:08  Grooved Spines  
  135  11:10  Hydralisk x3  
  141  11:12  Zergling x8  
  141  11:13  Zergling x8  
  141  11:17  Evolution Chamber  
  148  11:19  Zergling x6  
  148  11:21  Baneling x2  
  148  11:22  Baneling  
  148  11:24  Overlord  
  151  11:27  Overlord  
  151  11:28  Overlord  
  151  11:39  Overlord x2  
  151  11:43  Drone, Infestation Pit  
  151  11:44  Hydralisk x4  
  151  11:45  Hydralisk x2  
  161  11:48  Overseer  
  161  11:49  Queen  
  161  11:53  Hydralisk x2  
  158  12:00  Hydralisk  
  158  12:01  Hydralisk  
  139  12:12  Hydralisk x2  
  119  12:17  Queen x3  
  119  12:18  Hydralisk  
  119  12:22  Zergling x20  
  128  12:24  Hydralisk, Queen  
  128  12:26  Hydralisk  
  118  12:35  Hydralisk  
  105  12:38  Zergling x8  
  99  12:44  Zergling x2  
  99  12:45  Spore Crawler, Zergling x4  
  99  12:46  Spore Crawler  
  99  12:47  Spore Crawler  
  96  12:57  Queen x3  
  84  13:06  Spore Crawler x2  
  84  13:12  Queen  
  69  13:16  Zergling x6  
  69  13:26  Zergling x6  
  62  13:28  Zergling x2  
  62  13:31  Zergling x2  
  62  13:32  Queen  
  62  13:33  Queen x2  
  68  13:35  Spore Crawler  
  68  13:38  Zergling x4  
  68  13:40  Zergling x2  
  60  13:43  Zergling x4  
  60  13:46  Zergling x2  
  60  13:47  Zergling x2  
  61  13:50  Zergling x2  
Tags
 
League
Master
Matchup
TvZ
Player
ByuNDark
Spawn Locations
Cross Positions
Add a new tag
Caveats
  • Supply blocks, unpowered buildings, or Contaminate may cause inaccurate times.
  • Supply counts are checked every 10 seconds.